 Dungeon Crawl Stone Soup version 0.19.5 (webtiles) character file.

137 tidbits the Magician (level 5, -2/31 HPs)
             Began as a High Elf Necromancer on Dec 12, 2017.
             Killed from afar by an orc wizard (4 damage)
             ... with a puff of flame
             ... on level 4 of the Dungeon.
             The game lasted 00:10:30 (1797 turns).

tidbits the Magician (High Elf Necromancer)         Turns: 1797, Time: 00:10:31

Health: -2/31      AC:  2    Str:  8    XL:     5   Next: 0%
Magic:  1/12       EV: 18    Int: 25    God:
Gold:   230        SH:  0    Dex: 23    Spells: 4 memorised, 4 levels left

rFire  . . .     SeeInvis .     e - +0 club
rCold  . . .     Gourm    .     a - +0 robe
rNeg   . . .     Faith    .     (no shield)
rPois  .         Spirit   .     (no helmet)
rElec  .         Reflect  .     (no cloak)
rCorr  .         Harm     .     (no gloves)
MR     +....                    (no boots)
Stlth  ++++......               (no amulet)
                                (no ring)
                                (no ring)

@: brilliant, agile, flying, very slightly contaminated, hasted, very quick
A: agile 1, clever 1, magic resistance 1, subdued magic 1
a: no special abilities


You were on level 4 of the Dungeon.
You were hungry.

You visited 1 branch of the dungeon, and saw 4 of its levels.

You collected 230 gold pieces.

Inventory:

Hand Weapons
 e - a +0 club (weapon)
   (You took it off a goblin on level 1 of the Dungeon)
Missiles
 n - 11 poisoned needles
Armour
 a - a +0 robe (worn)
 j - a +0 ring mail
   (You found it on level 1 of the Dungeon)
 k - a +1 cloak
   (You found it on level 3 of the Dungeon)
Scrolls
 i - a scroll of recharging
Books
 b - a book of Necromancy

   Spells                             Type                      Level
   a - Pain                           Necromancy                   1
   b - Animate Skeleton               Necromancy                   1
   c - Vampiric Draining              Necromancy                   3
   d - Regeneration                   Charms/Necromancy            3
   e - Animate Dead                   Necromancy                   4
   f - Control Undead                 Necromancy                   4
Comestibles
 c - a bread ration


   Skills:
 - Level 2.1 Dodging
 - Level 2.1 Stealth
 + Level 4.4 Spellcasting
 + Level 4.3 Necromancy


You had 4 spell levels left.
You knew the following spells:

 Your Spells              Type           Power        Failure   Level  Hunger
a - Pain                  Necr           ####         1%          1    None
n - Animate Skeleton      Necr           N/A          1%          1    None
r - Regeneration          Chrm/Necr      ###.......   1%          3    ##.....
v - Vampiric Draining     Necr           ####......   1%          3    ##.....


Dungeon Overview and Level Annotations

Branches:
Dungeon (4/15)
 Temple: D:4-7

Altars:
Uskayaw

Annotations:
D:3 tidbits's ghost, weakling HEAs


Innate Abilities, Weirdness & Mutations

You are agile. (Dex +2)
Your mind is acute. (Int +2)
You are resistant to hostile enchantments. (MR+)
Your spells are a little easier to cast, but a little less powerful.


Message History

Casting: Vampiric Draining
Confirm with . or Enter, or press ? or * to list all spells.
Aiming: Vampiric Draining
Press: ? - help, Shift-Dir - straight line, f/p - orc wizard
Aim: an orc wizard, wielding a dagger and wearing a runed robe (almost dead, fast)
You kill the orc wizard!
You have reached level 5!
You feel life coursing into your body.
You hear some strange, mumbled words.
A magic dart appears from out of thin air!
The magic dart hits you!
* * * LOW HITPOINT WARNING * * *
You completely miss something. Something barely misses you.
Unknown command.
It was a potion of haste.
You feel yourself speed up.
You hear some strange, mumbled words.
A magic dart appears from out of thin air!
The magic dart hits you!
* * * LOW HITPOINT WARNING * * *
It was a potion of brilliance.
You feel clever all of a sudden. Something hits you but does no damage.
It was a potion of agility.
You feel agile all of a sudden.
It was a potion of flight.
You feel very buoyant.
You fly up into the air.
Something hits you but does no damage.
You aren't carrying any items that you can evoke.
Unknown command.
You aren't carrying any items that you can evoke.
Unknown command.
You aren't carrying any potions.
Unknown command.
Something hits you.
* * * LOW HITPOINT WARNING * * *
As you read the scroll labeled NITEOTA MAEMM, it crumbles to dust.
It is a scroll of enchant armour.
Your cloak glows green for a moment.
Casting: Vampiric Draining
Confirm with . or Enter, or press ? or * to list all spells.
Aiming: Pain
Press: ? - help, Shift-Dir - straight line, f - orc wizard
Aim: an orc wizard, wielding a dagger and wearing a robe (chance to defeat MR: 84%)
The orc wizard writhes in agony!
Casting: Pain
Confirm with . or Enter, or press ? or * to list all spells.
Aiming: Pain
Press: ? - help, Shift-Dir - straight line, f/p - orc wizard
Aim: an orc wizard, wielding a dagger and wearing a robe (moderately wounded, chance to defeat MR: 84%)
The orc wizard writhes in agony!
Wield which item (- for none, * to show all)? (? for menu, Esc to quit)
e - a +0 club (weapon)
You aren't carrying any potions.
Unknown command.
Okay, then.
You miss the orc wizard.
The orc wizard is moderately wounded.
The orc wizard hits you with a dagger.
* * * LOW HITPOINT WARNING * * *
You hit the orc wizard.
The orc wizard is heavily wounded.
The orc wizard hits you with a dagger.
* * * LOW HITPOINT WARNING * * *
You barely miss the orc wizard.
The orc wizard is heavily wounded.
The orc wizard barely misses you.
You hit the orc wizard.
The orc wizard is heavily wounded.
The orc wizard closely misses you.
You hit the orc wizard but do no damage.
The orc wizard is heavily wounded.
Casting: Pain
Confirm with . or Enter, or press ? or * to list all spells.
Aiming: Pain
Press: ? - help, Shift-Dir - straight line, f/p - orc wizard
Aim: an orc wizard, wielding a dagger and wearing a robe (heavily wounded, chance to defeat MR: 84%)
The orc wizard writhes in agony!
The orc wizard closely misses you.
You hit the orc wizard.
The orc wizard is almost dead.
The orc wizard closely misses you.
You closely miss the orc wizard.
The orc wizard is almost dead.
The orc wizard misses you.
You hit the orc wizard but do no damage.
The orc wizard is almost dead.
The orc wizard completely misses you.
You completely miss the orc wizard.
The orc wizard is almost dead.
The orc wizard barely misses you.
You hit the orc wizard but do no damage.
The orc wizard is almost dead.
You are feeling hungry.
You hit the orc wizard.
The orc wizard is almost dead.
The orc wizard hits you but does no damage.
You closely miss the orc wizard.
The orc wizard is almost dead.
The orc wizard points at you and mumbles some strange words.
The puff of flame hits you!
You die...

##.(....##
#........# #...#
...# ####### ###.o#
#..+ #.....#
#.'..####..#
#.###.###)#...##...#
#...#....<#........#
###.########......##
#...o@...####'###
##########....#
#######...##
..........#
.........o#
........o.#
..........#
?.........#
..........#


You could see an orc wizard.

Vanquished Creatures
  A crimson imp (D:3)
  An orc wizard (D:4)
  3 adders
  2 worms (D:2)
  A dart slug (D:1)
  A ball python (D:1)
  5 bats
  4 giant cockroaches
  5 goblins
  5 hobgoblins
  A kobold (D:1)
  6 frilled lizards
  8 rats
43 creatures vanquished.

Notes
Turn   | Place    | Note
-------+----------+-------------------------------------------
     0 | D:1      | tidbits the High Elf Necromancer began the quest for the Orb.
     0 | D:1      | Reached XP level 1. HP: 11/11 MP: 4/4
   381 | D:1      | Reached XP level 2. HP: 10/17 MP: 3/6
   483 | D:1      | Reached skill level 3 in Spellcasting
   992 | D:2      | Reached XP level 3. HP: 13/21 MP: 5/8
   995 | D:2      | Learned a level 1 spell: Animate Skeleton
   999 | D:2      | Learned a level 3 spell: Vampiric Draining
  1003 | D:2      | Learned a level 3 spell: Regeneration
  1329 | D:4      | Gained mutation: Your spells are a little easier to cast, but a little less powerful. [potion of mutation]
  1329 | D:4      | Gained mutation: Your mind is acute. (Int +2) [potion of mutation]
  1335 | D:3      | Gained mutation: You are agile. (Dex +2) [potion of mutation]
  1335 | D:3      | Gained mutation: You are resistant to hostile enchantments. (MR+) [potion of mutation]
  1351 | D:3      | Found a hide-covered altar of Uskayaw.
  1371 | D:3      | Noticed tidbits's ghost (weakling HEAs)
  1434 | D:3      | Reached skill level 4 in Necromancy
  1434 | D:3      | Reached XP level 4. HP: 7/27 MP: 6/10
  1518 | D:3      | Reached skill level 4 in Spellcasting
  1757 | D:4      | Reached XP level 5. HP: 13/31 MP: 0/12
  1785 | D:4      | HP: 3/31 [orc wizard/dagger (3)]
  1797 | D:4      | Killed from afar by an orc wizard

Skill      XL: |  1  2  3  4 |
---------------+-------------+-----
Spellcasting   | 3 4 |  4.4
Necromancy     | 4 |  4.3
Dodging        | |  2.1
Stealth        | |  2.1

Action                   |  1- 3 |  4- 6 || total
-------------------------+-------+-------++-------
Melee: Unarmed           |     8 |       ||     8
       Club              |       |    12 ||    12
 Cast: Pain              |    77 |    26 ||   103
       Regeneration      |     1 |     1 ||     2
       Vampiric Draining |       |     3 ||     3
  Use: Potion            |     5 |     4 ||     9
       Scroll            |     2 |     1 ||     3
  Eat: Chunk             |     3 |     1 ||     4
       Beef jerky        |       |     1 ||     1
Armor: Robe              |     3 |     2 ||     5
       Skin              |     6 |       ||     6
Dodge: Dodged            |    20 |     9 ||    29

Table legend:
 A = Turns spent in this place as a percentage of turns spent in the entire game.
 B = Non-inter-level travel turns spent in this place as a percentage of non-inter-level travel turns spent in the entire game.
 C = Inter-level travel turns spent in this place as a percentage of turns spent in this place.
 D = Turns resting spent in this place as a percentage of non-inter-level travel turns spent in this place.
 E = Turns spent auto-exploring this place as a percentage of non-inter-level travel turns spent in this place.
 F = Non-inter-level travel turns spent in this place divided by the number of levels of this place that you've seen.
                   A       B       C       D       E      F
               +-------+-------+-------+-------+-------+----------------------
         Total | 100.0 | 100.0 |   0.2 |   0.0 |   0.0 | 420.2
       Dungeon | 100.0 | 100.0 |   0.2 |   0.0 |   0.0 | 420.2
               +-------+-------+-------+-------+-------+----------------------

Table legend:
 A = Kills in this place as a percentage of kills in entire the game.
 B = Kills by you in this place as a percentage of kills by you in the entire game.
 C = Kills by friends in this place as a percentage of kills by friends in the entire game.
 D = Other kills in this place as a percentage of other kills in the entire game.
 E = Experience gained in this place as a percentage of experience gained in the entire game.
 F = Experience gained in this place divided by the number of levels of this place that you have seen.
                   A       B       C       D       E      F
               +-------+-------+-------+-------+-------+----------------------
         Total | 100.0 | 100.0 |  -nan |  -nan | 100.0 |  49.2
       Dungeon | 100.0 | 100.0 |  -nan |  -nan | 100.0 |  49.2
               +-------+-------+-------+-------+-------+----------------------

Vault maps used:
D:1:      nicolae_arrival_memento_mori, minmay_misc_feat_diagonals,
          minmay_tree_intersection, hangedman_decor_opposing, kennysheep_boxes
D:3:      lemuel_round_altar, old_standard_altar, minmay_goblin_kobold_house
D:4:      gammafunk_temple_overflow_forgotten, grunt_qazlal_sundering,
          first_bread, kennysheep_another_room
